 Dungeon Crawl Stone Soup version 0.21-a0-529-g8c7b3f5 (webtiles) character file.

877 slep the Chopper (level 7, -1/82 HPs)
             Began as a Demonspawn Fighter on Dec 12, 2017.
             Slain by an orc warrior
             ... wielding a cursed -3 long sword
              (5 damage)
             ... on level 7 of the Dungeon.
             The game lasted 00:21:17 (4996 turns).

slep the Chopper (Demonspawn Fighter)               Turns: 4996, Time: 00:21:18

Health: -1/82      AC: 23    Str: 17    XL:     7   Next: 75%
Magic:  7/7        EV:  2    Int:  9    God:
Gold:   219        SH:  9    Dex: 14    Spells: 6/6 levels left

rFire    + . .     SeeInvis .   a - +0 war axe
rCold    + . .     Gourm    .   c - +0 shield
rNeg     + + +     Faith    .   (armour currently unavailable)
rPois    +         Spirit   .   (helmet currently unavailable)
rElec    +         Reflect  .   (cloak currently unavailable)
rCorr    +         Harm     .   (gloves currently unavailable)
MR       .....     NoTele   +   (boots currently unavailable)
Stlth    +++.......             (no amulet)
HPRegen  1.23/turn              g - ring of flight
MPRegen  0.10/turn              q - ring of stealth

@: tree-form, resistant, berserk cooldown, slowed, very slow
A: repulsion field 1, powered by death 1, flame cloud immunity
a: no special abilities


You were on level 7 of the Dungeon.
You were hungry.
You were a tree.
You visited 1 branch of the dungeon, and saw 7 of its levels.
You also visited: Sewer.

You collected 219 gold pieces.

Inventory:

Hand Weapons
 a - a +0 war axe (weapon)
 e - a +0 blowgun
 y - a +2 short sword of electrocution
 D - a +0 fustibalus
 F - a cursed +3 flail of freezing
Missiles
 z - 52 poisoned needles
 C - 4 tomahawks (quivered)
Armour
 b - a +0 scale mail
 c - a +0 shield (worn)
 n - a +0 pair of boots (melded)
 p - a +3 leather armour (melded)
 w - a +0 ring mail of fire resistance
Jewellery
 g - a ring of flight (left branch)
 q - a ring of stealth (right branch)
Scrolls
 h - 2 scrolls of amnesia {unknown}
 i - a scroll of fog {unknown}
 j - 7 scrolls of identify {unknown}
 m - a scroll of enchant armour {unknown}
 s - 2 scrolls of teleportation {unknown}
 x - 2 scrolls of fear {unknown}
 A - a scroll of vulnerability {unknown}
 B - a scroll of blinking {unknown}
Potions
 k - a potion of brilliance
 l - 4 potions of flight
Comestibles
 f - 4 bread rations
 v - 6 fruits
 E - 2 chunks of flesh


   Skills:
 + Level 4.3 Fighting
 + Level 5.3 Axes
 + Level 3.9 Armour
 + Level 2.1 Dodging
 + Level 1.1 Stealth
 + Level 4.5 Shields


You had 6 spell levels left.
You didn't know any spells.

Dungeon Overview and Level Annotations

Branches:
Dungeon (7/15)
 Temple: D:4-7

Altars:
Sif Muna
Trog
Xom

Shops:
D:6 (

Annotations:
D:4 heteroy's ghost, amateur OgMo
D:5 jamilx's ghost, novice DrBe


Innate Abilities, Weirdness & Mutations

You are surrounded by a mild repulsion field. (EV +2)
((Your flesh is heat resistant. (rF+)))
You regenerate a little health from kills.
You are immune to clouds of flame.


Message History

The iguana is severely wounded.
You barely miss the orc warrior.
The orc warrior hits you with a long sword.
* * * LOW HITPOINT WARNING * * *
The iguana bites you but does no damage.
The iguana bites you.
* * * LOW HITPOINT WARNING * * *
The orc warrior hits you but does no damage.
You slash the iguana!
You kill the iguana!
You closely miss the orc warrior. You block the orc warrior's attack.
You completely miss the orc. You barely miss the orc warrior.
You block the orc's attack. You block the orc warrior's attack.
The orc hits you but does no damage.
The orc warrior hits you but does no damage.
You slash the orc!
You kill the orc!
You hit the orc warrior but do no damage.
The orc warrior hits you with a long sword.
You die...

... ##
... ..
.... #.
.....#.
...#.##
....#
#..##
#<.#
##♣#
#o)#
#...#
.#....
# .....
.....%.
.....#.
......


You could see an orc warrior.

Vanquished Creatures
  An orc warrior (D:6)
  A big kobold (Sewer)
  A bullfrog (D:6)
  A wight (D:6)
  A bullfrog zombie (D:5)
  2 jellies (D:5)
  6 orc priests
  2 hounds
  3 orc wizards
  A worker ant (D:4)
  A hound skeleton (D:4)
  4 adders
  A river rat (Sewer)
  An adder zombie (D:7)
  A dart slug (D:2)
  A worm (D:3)
  4 leopard geckos
  10 orcs
  3 ball pythons
  7 giant cockroaches
  6 goblins
  8 hobgoblins
  2 iguanas
  A jackal (Sewer)
  8 kobolds
  2 quokkas
  7 bats
  8 frilled lizards
  A jackal skeleton (D:5)
  A leopard gecko zombie (D:5)
  10 rats
106 creatures vanquished.

Notes
Turn   | Place    | Note
-------+----------+-------------------------------------------
     0 | D:1      | slep the Demonspawn Fighter began the quest for the Orb.
     0 | D:1      | Reached XP level 1. HP: 18/18 MP: 1/1
   174 | D:1      | Gained mutation: Your flesh is heat resistant. (rF+) [demonic ancestry]
   174 | D:1      | Reached XP level 2. HP: 22/24 MP: 2/2
   363 | D:1      | Reached skill level 2 in Axes
   772 | D:2      | Gained mutation: You are immune to clouds of flame. [demonic ancestry]
   772 | D:2      | Reached XP level 3. HP: 29/29 MP: 3/3
  1166 | D:3      | Reached XP level 4. HP: 29/35 MP: 4/4
  1188 | D:3      | Found a bloodstained altar of Trog.
  1965 | D:3      | Found a deep blue altar of Sif Muna.
  2309 | D:4      | Reached skill level 3 in Axes
  2309 | D:4      | Gained mutation: You are surrounded by a mild repulsion field. (EV +2) [demonic ancestry]
  2309 | D:4      | Reached XP level 5. HP: 28/41 MP: 5/5
  2319 | D:4      | Reached skill level 1 in Dodging
  2560 | D:4      | Noticed heteroy's ghost (amateur OgMo)
  2930 | D:4      | You fall through a shaft for 2 floors!
  2990 | D:6      | Reached XP level 6. HP: 11/48 MP: 6/6
  3281 | D:6      | Found Saumemown's Weapon Shoppe.
  3296 | D:6      | Noticed an orc warrior
  3322 | D:6      | Killed an orc warrior
  3322 | D:6      | Reached skill level 4 in Axes
  3354 | D:5      | Entered Level 5 of the Dungeon
  3427 | D:5      | Found a glowing drain.
  3587 | Sewer    | Entered a sewer
  3690 | Sewer    | Gained mutation: You regenerate a little health from kills. [demonic ancestry]
  3690 | Sewer    | Reached XP level 7. HP: 31/54 MP: 7/7
  3847 | Sewer    | Found a glowing silver altar of Zin.
  3947 | D:5      | Reached skill level 1 in Stealth
  4020 | D:5      | Noticed jamilx's ghost (novice DrBe)
  4190 | D:5      | Found a shimmering altar of Xom.
  4283 | D:5      | Found a shimmering altar of Xom.
  4678 | D:6      | Noticed a two-headed ogre
  4827 | D:6      | Reached skill level 5 in Axes
  4993 | D:7      | HP: 1/82 [iguana (4)]
  4996 | D:7      | Slain by an orc warrior

Vault maps used:
D:1:      saegor_arrival_simple_b, minmay_misc_feat_diagonals
D:3:      bloody_trog, lemuel_doored_altar, serial_forest,
          infiniplex_forest_fountain, infiniplex_forest_lined_3_way,
          infiniplex_forest_lined_corner, infiniplex_forest_lined_3_way,
          infiniplex_forest_lined_corner
D:4:      uniq_eustachio
D:5:      lemuel_coloured_pillars_altar, minmay_temple_entry_fiery,
          gup_sewer_entry_pipe, first_bread, basic_altar, dk_xom_monty_hall
D:6:      old_standard_altar, serial_shops, shop, shop
D:7:      zin_treasury, kennysheep_mini, nicolae_overflow_crystal_walls,
          serial_shops, nicolae_shop_stone, minivault_23, cheibriados_altar_1
Sewer:    sewer_kobolds

Skill      XL: |  1  2  3  4  5  6  7 |
---------------+----------------------+-----
Axes           | 2 3 4 5 |  5.3
Shields        | 3 4 |  4.5
Armour         | 3 |  3.9
Dodging        | 1 2 |  2.1
Fighting       | 4 |  4.3
Stealth        | 1 |  1.1

Action                   |  1- 3 |  4- 6 |  7- 9 || total
-------------------------+-------+-------+-------++-------
Melee: War axe           |   105 |   193 |    86 ||   384
Throw: Tomahawk          |       |       |     2 ||     2
  Use: Potion            |       |     5 |     6 ||    11
 Stab: Sleeping          |       |     1 |       ||     1
  Eat: Chunk             |     1 |     8 |     4 ||    13
Armor: Scale mail        |    35 |       |       ||    35
       Leather armour    |    13 |    57 |    21 ||    91
       Skin              |       |       |     7 ||     7
Dodge: Dodged            |    24 |    71 |    44 ||   139
Block: Shield            |    53 |    98 |    55 ||   206

Table legend:
 A = Spawn XP
 B = Non-spawn XP
 C = Spawn XP percentage of total XP
 D = Spawn monster count
 E = Non-spawn monster count
 F = Spawn count percentage of total count
 G = Total turns spent on level
                    A         B        C        D         E        F      G
               +---------+---------+-------+---------+---------+-------+---------
         Total |       0 |    1254 |   0.0 |       0 |     106 |   0.0 |  4996
               +---------+---------+-------+---------+---------+-------+---------
           D:1 |       0 |      40 |   0.0 |       0 |      25 |   0.0 |   769
           D:2 |       0 |      48 |   0.0 |       0 |      14 |   0.0 |   386
           D:3 |       0 |      36 |   0.0 |       0 |      12 |   0.0 |  1383
           D:4 |       0 |     204 |   0.0 |       0 |      13 |   0.0 |   497
           D:5 |       0 |     243 |   0.0 |       0 |      17 |   0.0 |   875
           D:6 |       0 |     431 |   0.0 |       0 |       9 |   0.0 |   750
           D:7 |       0 |     128 |   0.0 |       0 |       6 |   0.0 |    32
         Sewer |       0 |     124 |   0.0 |       0 |      10 |   0.0 |   304
               +---------+---------+-------+---------+---------+-------+---------
